 Dungeon Crawl Stone Soup version 0.27-a0-1287-gca74d27db6 (webtiles) character file.

Game seed: 3628619651721475157

8 flotson the Skirmisher (level 2, 24/24 HPs)
             Began as a Demonspawn Fighter on June 14, 2021.
             Quit the game on level 1 of the Dungeon.
             The game lasted 00:00:17 (84 turns).

flotson the Skirmisher (Demonspawn Fighter)           Turns: 84, Time: 00:00:18

Health: 24/24      AC:  6    Str: 16    XL:     2   Next: 0%
Magic:  2/2        EV:  7    Int:  9    God:
Gold:   34         SH:  8    Dex: 12    Spells: 1/1 levels left

rFire    . . .     SeeInvis .   a - +0 war axe
rCold    . . .     Faith    .   c - +0 kite shield
rNeg     . . .     Spirit   .   b - +0 scale mail
rPois    .         Reflect  .   (no helmet)
rElec    .         Harm     .   (no cloak)
rCorr    .         Rampage  .   (no gloves)
Will     .....                  (no boots)
Stlth    ..........             (no amulet)
HPRegen  0.08/turn              (no ring)
MPRegen  0.08/turn              (no ring)

@: no status effects
A: demonic magic 1
a: no special abilities


You were on level 1 of the Dungeon.
You visited 1 branch of the dungeon, and saw 1 of its levels.

You collected 34 gold pieces.

Inventory:

Hand Weapons
 a - a +0 war axe (weapon)
Armour
 b - a +0 scale mail (worn)
 c - a +0 kite shield (worn)
Potions
 d - a potion of might


   Skills:
 + Level 3.1 Fighting
 + Level 1.9 Axes
 + Level 2.8 Armour
 + Level 0.3 Dodging
 + Level 2.8 Shields


You had one spell level left.
You didn't know any spells.
Your spell library was empty.

Dungeon Overview and Level Annotations

Branches:
Dungeon (1/15)

Altars:


Innate Abilities, Weirdness & Mutations

Spells you cast may paralyse adjacent enemies.


Message History

You see here a bat corpse.
You see here a rat corpse.
You now have 25 gold pieces (gained 14).
You now have 34 gold pieces (gained 9).
A quokka comes into view.
The quokka moves out of view.
A quokka is nearby!
You slash the quokka!
You kill the quokka!
No target in view!
No target in view!
No target in view!
No target in view!
No target in view!
A goblin comes into view. It is wielding a +0 dagger.
The goblin shouts!
You hear a shout!
You block the goblin's attack.
You closely miss the goblin. The goblin completely misses you.
The goblin hits you with a +0 dagger.
A goblin comes into view. It is wielding a +0 club.
You slash the goblin!
You kill the goblin!
A kobold comes into view.
It is wielding a +1 short sword of speed.
The kobold shouts!
You barely miss the goblin. You block the goblin's attack.
The goblin barely misses you.
You slash the goblin!
You kill the goblin!
You hit the kobold.
The kobold is severely wounded.
The kobold hits you but does no damage. You block the kobold's attack.
You hit the kobold.
You kill the kobold!
You have reached level 2!
Your demonic ancestry asserts itself...
A menacing aura infuses your magic.
Things that are here:
a +1 short sword of speed; a +0 club
Found a stone staircase leading down.
Are you sure you want to abandon this character and quit the game? (Confirm with "yes".)

#... #...♣♣ ..#. #....♣
♣.. #..♣.♣ ♣.. #...♣ ♣..
## #...♣♣ ♣.# ## .#
#....♣♣♣ ♣♣♣♣.###.... #
#..♣#..♣ #..♣....>.# ##
#.###.## #..@# #
.###.###.#####..)###.###
...#.#.....##...........
#....#.....##....)...###
#.#..#..........######
#.#..#.....######
######.....# ..# ###.###
### #.#


There were no monsters in sight!

Vanquished Creatures
  3 goblins (D:1)
  A quokka (D:1)
  2 bats (D:1)
  A kobold (D:1)
  A rat (D:1)
8 creatures vanquished.

Notes
Turn   | Place    | Note
-------+----------+-------------------------------------------
     0 | D:1      | flotson the Demonspawn Fighter began the quest for the Orb.
     0 | D:1      | Reached XP level 1. HP: 18/18 MP: 1/1
    82 | D:1      | Gained mutation: Spells you cast may paralyse adjacent
                  | enemies. [demonic ancestry]
    82 | D:1      | Reached XP level 2. HP: 24/24 MP: 2/2
    84 | D:1      | Quit the game

Illustrated notes

Levels and vault maps discovered:
D:1:      dpeg_arrival_subterranean_lakeside_camping, layout_loops_ring,
          serial_shops, shop, nicolae_shop_waterfront, shop, shop,
          chequers_ecumenical_altar_grove, corexii_leaking_fountain

Action                   || total
-------------------------++-------
Melee: War axe           ||    15
Armor: Scale mail        ||     7
Dodge: Dodged            ||     8
Block: Kite shield       ||     8

Table legend: (Time is in decaauts)
 A = Elapsed time spent in this place.
 B = Non-inter-level travel time spent in this place.
 C = Inter-level travel time spent in this place.
 D = Time resting spent in this place.
 E = Time spent auto-exploring this place.
 F = Levels seen in this place.
 G = Mean time per level.
                   A        B        C        D        E       F      G
               +--------+--------+--------+--------+--------+-----+--------+
         Total |     94 |     94 |      0 |      0 |     55 |   1 |   94.0 |
       Dungeon |     94 |     94 |      0 |      0 |     55 |   1 |   94.0 |
               +--------+--------+--------+--------+--------+-----+--------+

Top non-repeatable levels by time:
     D:1: 94 daAuts
